 Dungeon Crawl Stone Soup version 0.24.0-13-gcf9b3192b9 (webtiles) character file.

Game seed: 6388392654254612030, levelgen mode: deterministic

56 Gumption the Gusty (level 3, -1/19 HPs)
             Began as a Deep Elf Air Elementalist on Nov 9, 2019.
             Slain by a gnoll
             ... wielding a +0 spear
              (6 damage)
             ... on level 2 of the Dungeon.
             The game lasted 00:15:40 (1869 turns).

Gumption the Gusty (Deep Elf Air Elementalist)      Turns: 1869, Time: 00:15:40

Health: -1/19      AC:  2    Str:  5    XL:     3   Next: 71%
Magic:  4/9        EV: 13    Int: 20    God:
Gold:   51         SH:  0    Dex: 15    Spells: 2/8 levels left

rFire    . . .     SeeInvis .   a - +0 dagger
rCold    . . .     Gourm    .   (no shield)
rNeg     . . .     Faith    .   d - +0 robe
rPois    .         Spirit   .   (no helmet)
rElec    .         Reflect  .   (no cloak)
rCorr    .         Harm     .   (no gloves)
MR       .....                  (no boots)
Stlth    ++........             (no amulet)
HPRegen  0.06/turn              (no ring)
MPRegen  0.11/turn              (no ring)

@: no status effects
A: no striking features
a: no special abilities


You were on level 2 of the Dungeon.
You were not hungry.

You visited 1 branch of the dungeon, and saw 2 of its levels.

You collected 51 gold pieces.

Inventory:

Hand Weapons
 a - a +0 dagger (weapon)
 l - a +2 short sword of protection
Missiles
 c - 7 stones (quivered)
Armour
 d - a +0 robe (worn)
Scrolls
 f - a scroll of teleportation
 h - a scroll of magic mapping {unknown}
 i - a scroll of fog {unknown}
 m - 2 scrolls of remove curse {unknown}
 n - a scroll of amnesia {unknown}
Potions
 b - a potion of agility {unknown}
 g - a potion of might {unknown}
 j - 2 potions of curing {unknown}
 k - a potion of heal wounds {unknown}
Comestibles
 e - 4 rations
 o - 4 chunks of flesh


   Skills:
 + Level 3.0 Dodging
 - Level 2.4 Stealth
 + Level 3.4 Spellcasting
 * Level 2.5 Conjurations
 * Level 3.6 Air Magic


You had 2 spell levels left.
You knew the following spells:

 Your Spells              Type           Power        Failure   Level  Hunger
a - Shock                 Conj/Air       ###.         3%          1    None
b - Swiftness             Chrm/Air       ##......     10%         2    ##.....
c - Static Discharge      Conj/Air       ###.....     12%         3    ###....

Your spell library contained the following spells:

 Spells                   Type           Power        Failure   Level  Hunger
 Airstrike                Air            ###.......   30%         4    ####...
 Lightning Bolt           Conj/Air       ###.......   71%         5    ######.


Dungeon Overview and Level Annotations

Branches:
Dungeon (2/15)

Altars:
Dithmenos
Kikubaaqudgha


Message History

Confirm with . or Enter, or press ? or * to list all spells.
Aiming: Shock (safe; 3% risk of failure)
Press: ? - help, Shift-Dir - straight line, f/p - gnoll
Aim: a gnoll, wielding a +0 spear (moderately wounded)
The zap hits the gnoll but does no damage.
The gnoll is moderately wounded.
The gnoll hits you from afar with a +0 spear!
* * * LOW HITPOINT WARNING * * *
Casting: Shock (safe; 3% risk of failure)
Confirm with . or Enter, or press ? or * to list all spells.
Aiming: Shock (safe; 3% risk of failure)
Press: ? - help, Shift-Dir - straight line, f/p - gnoll
Aim: a gnoll, wielding a +0 spear (moderately wounded)
The zap hits the gnoll.
The gnoll is moderately wounded.
The zap hits the gnoll.
The gnoll is heavily wounded.
The gnoll hits you but does no damage.
The gnoll hits you from afar with a +0 spear.
You die...

#..............#
#.#.####
#..............# #.#.#
# #..............#
#.#.# #
#...........####
#.#.#### #.......)...#
#.#..... #...........#
#.###### ..§..........#
#.#
#.............#########
#.#
#.§§#######..gg@÷.....#
#.# #... #.#########.#
#.# # #.# #.# #.# #.#
#.# #.# #.# #.###.# #.#
#.(...# #. ####### #.


You could see 2 gnolls.

Vanquished Creatures
  A gnoll (D:2)
  An adder (D:2)
  2 dart slugs (D:2)
  A leopard gecko (D:1)
  A ball python (D:1)
  2 giant cockroaches (D:1)
  4 goblins (D:1)
  6 hobgoblins
  6 bats
  2 kobolds (D:1)
  6 rats
32 creatures vanquished.

Notes
Turn   | Place    | Note
-------+----------+-------------------------------------------
     0 | D:1      | Gumption the Deep Elf Air Elementalist began the quest for
                  | the Orb.
     0 | D:1      | Reached XP level 1. HP: 10/10 MP: 6/6
   378 | D:1      | Reached XP level 2. HP: 15/15 MP: 5/8
   641 | D:1      | Learned a level 2 spell: Swiftness
  1126 | D:2      | Found an ancient bone altar of Kikubaaqudgha.
  1199 | D:2      | Reached XP level 3. HP: 19/19 MP: 3/9
  1253 | D:2      | Learned a level 3 spell: Static Discharge
  1806 | D:2      | Found a shadowy altar of Dithmenos.
  1869 | D:2      | Slain by a gnoll

Levels and vault maps discovered:
D:1:      evilmike_arrival_hilbert_curve, layout_basic
D:2:      layout_basic, nicolae_overflow_crystal_walls, grunt_dithmenos_smoke,
          first_ration

Skill      XL: |  1  2  3 |
---------------+----------+-----
Conjurations   | 2 |  2.5
Dodging        | 3 |  3.0
Stealth        | |  2.4
Spellcasting   | |  3.4
Air Magic      | |  3.6

Action                   || total
-------------------------++-------
 Cast: Shock             ||    65
  Use: Scroll            ||     1
  Eat: Chunk             ||     3
Armor: Robe              ||     4
Dodge: Dodged            ||    15
